AoeStats
← HenryDxebec

Fortress

509258425Analyzed
2v2 RM · 6d ago on Sep 26, 2026· 38m 48s· 4 players
Game mode
Random Map
Map size
Normal (6 player)
Population
200
Speed
Normal
Resources
Standard
Victory
Conquest
Starting age
Dark Age
Ending age
Imperial Age
RankedLock teamsTeams togetherTeam positionsShared explorationLock speedFull tech treeHidden civsTurbo modeCheats
Victory
Defeat
🇦🇷 Georgians · Argentina
877
+13
🇦🇷 Ethiopians · Argentina
861
+13
🇨🇳 Aztecs · China
828
-14
🇨🇱 Persians · Chile
784
-12
oncemore
7:49 Loom
14:16 Feudal Age
16:04 Wheelbarrow
15:17 Town Watch
28:24 Man-at-Arms
HenryDxebec
6:47 Feudal Age
7:10 Double-Bit Axe
7:06 Horse Collar
9:27 Gold Mining
13:36 Castle Age
12:13 Stone Mining
14:21 Bow Saw
14:12 Heavy Plow
20:20 Stone Shaft Mining
20:34 Gold Shaft Mining
21:14 Wheelbarrow
22:20 Hand Cart
24:15 Kamandaran
28:56 Imperial Age
25:51 Light Cavalry
26:40 Thumb Ring
26:17 Pikeman
27:20 Forging
27:33 Crossbowman
30:33 Two-Man Saw
30:05 Crop Rotation
30:58 Chemistry
29:37 Hussar
30:09 Heavy Scorpion
30:41 Heated Shot
30:30 Halberdier
32:49 Conscription
34:00 Iron Casting
33:26 Scale Mail Armor
33:31 Scale Barding Armor
33:27 Padded Archer Armor
33:17 Fletching
34:21 Ballistics
34:16 Husbandry
34:27 Bloodlines
36:12 Blast Furnace
37:15 Elite War Elephant
39:00 Chain Barding Armor
38:56 Chain Mail Armor
38:57 Leather Archer Armor
38:37 Bodkin Arrow
39:07 Citadels
Sniper on sight
1:49 Loom
10:35 Feudal Age
11:10 Double-Bit Axe
11:27 Gold Mining
12:04 Horse Collar
12:15 Stone Mining
19:20 Castle Age
18:07 Fletching
18:18 Padded Archer Armor
20:37 Wheelbarrow
19:47 Crossbowman
22:29 Heavy Plow
22:48 Leather Archer Armor
24:05 Thumb Ring
25:48 Bow Saw
26:22 Coinage
26:23 Ballistics
27:13 Gold Shaft Mining
26:48 Bodkin Arrow
33:08 Imperial Age
32:37 Fortified Wall
32:41 Scale Mail Armor
34:31 Hand Cart
34:31 Capped Ram
34:49 Arbalester
36:34 Chemistry
36:09 Ring Archer Armor
37:34 Two-Man Saw
38:43 Bracer
Hrodricson
2:51 Loom
8:14 Feudal Age
8:46 Double-Bit Axe
8:42 Horse Collar
15:27 Castle Age
13:40 Stone Mining
14:40 Forging
15:26 Scale Barding Armor
15:31 Gold Mining
17:17 Iron Casting
17:35 Bow Saw
19:52 Stone Shaft Mining
21:00 Wheelbarrow
21:27 Heavy Plow
22:40 Chain Barding Armor
22:37 Fletching
25:02 Hand Cart
25:14 Town Watch
29:07 Imperial Age
27:59 Bodkin Arrow
29:33 Devotion
30:26 Conscription
30:57 Crop Rotation
30:34 Caravan
32:40 Blast Furnace
33:24 Plate Barding Armor
33:16 Bracer
33:46 Elite Monaspa
35:08 Aznauri Cavalry
36:46 Husbandry
36:57 Bloodlines
Connection lost

Rejoining the realm…

Still unreachable

The connection could not be restored.

Session expired

The server has moved on; the page needs a fresh start.